 Dungeon Crawl Stone Soup version 0.29-a0-383-g8b6f518c11 (webtiles) character file.

Game seed: 7583763089753378262

24 Bruhh the Ogre Mage (level 3, -1/31 HPs)
             Began as an Ogre Earth Elementalist on May 6, 2022.
             Slain by a gnoll
             ... wielding a +0 club
              (3 damage)
             ... on level 1 of the Dungeon.
             The game lasted 00:01:51 (1251 turns).

Bruhh the Ogre Mage (Ogre Earth Elementalist)       Turns: 1251, Time: 00:01:52

Health: -1/31      AC:  3    Str: 12    XL:     3   Next: 2%
Magic:  6/7        EV:  9    Int: 18    God:
Gold:   60         SH:  0    Dex:  9    Spells: 7/8 levels left

rFire   . . .      SeeInvis .   (no weapon)
rCold   . . .      Faith    .   (no shield)
rNeg    . . .      Spirit   .   b - +0 robe
rPois   .          Reflect  .   (helmet restricted)
rElec   .          Harm     .   (no cloak)
rCorr   .          Rampage  .   (gloves unavailable)
Will    .....                   (boots unavailable)
Stlth   ++........              (no amulet)
HPRegen 0.10/turn               (no ring)
MPRegen 0.10/turn               (no ring)

@: no status effects
A: large, unfitting armour, tough skin 1
a: no special abilities


You were on level 1 of the Dungeon.
You visited 1 branch of the dungeon, and saw 2 of its levels.

You collected 60 gold pieces.

Inventory:

Armour
 b - a +0 robe (worn)
 f - a +0 buckler
Scrolls
 d - a scroll of magic mapping {unknown}
 j - a scroll of fear {unknown}
 k - a scroll of noise {unknown}
Potions
 c - a potion of magic
 e - a potion of flight {unknown}
 g - a potion of haste {unknown}
 h - a potion of curing {unknown}
 i - a potion of mutation {unknown}


   Skills:
 - Level 1.7 Dodging
 + Level 2.1 Stealth
 + Level 3.2 Spellcasting
 - Level 0.8 Transmutations
 - Level 2.6 Earth Magic


You had 7 spell levels left.
You knew the following spells:

 Your Spells              Type           Power      Damage    Failure   Level
a - Sandblast             Erth           24%        2d8       5%          1

Your spell library contained the following spells:

 Spells                   Type           Power      Damage    Failure   Level
 Passwall                 Tmut/Erth      7%         N/A       12%         2
 Stone Arrow              Conj/Erth      14%        3d7       28%         3
 Petrify                  Tmut/Erth      9%         N/A       58%         4


Dungeon Overview and Level Annotations

Branches:
Dungeon (2/15)

Altars:


Innate Abilities, Weirdness & Mutations

You are too large for most types of armour.
You have tough skin. (AC +1)


Message History

You closely miss the gnoll.
The gnoll is heavily wounded.
The gnoll hits you with a +0 club.
You hit the gnoll but do no damage.
The gnoll is heavily wounded.
The gnoll hits you with a +0 club.
You hit the gnoll.
The gnoll is heavily wounded.
The gnoll hits you with a +0 club.
* * * LOW HITPOINT WARNING * * *
You hit the gnoll.
The gnoll is heavily wounded.
The gnoll hits you with a +0 club.
* * * LOW HITPOINT WARNING * * *
Okay, then.
Casting: Sandblast (safe; 5% risk of failure)
Confirm with . or Enter, or press ? or * to list all spells.
You don't know that spell.
Unknown command.
Unknown command.
You hit the gnoll.
The gnoll is severely wounded.
The gnoll barely misses you.
You closely miss the gnoll.
The gnoll is severely wounded.
The gnoll completely misses you.
You barely miss the gnoll.
The gnoll is severely wounded.
The gnoll barely misses you.
You hit the gnoll but do no damage.
The gnoll is severely wounded.
The gnoll barely misses you.
You hit the gnoll.
The gnoll is almost dead.
The gnoll hits you with a +0 club.
* * * LOW HITPOINT WARNING * * *
You closely miss the gnoll.
The gnoll is almost dead.
The gnoll hits you with a +0 club.
You die...

#........# #.###. #.######.#
####.# #. #.######.####....###.
#.##.......##.###.... #
#.##.##..#.##.# #.### #
#.#...#..#....###.# ######
#.....#.###.......# .....#
#..##.#.#...####..# .....#
##..@g>...........# .....#
#...........####.##
#....########.##.####.....##.#
#....#.....##.##.# #####.##.#
..............##.#### #.##.#
.....#.....##.......#####.##)#
.....#.....##..........##.##.####
######.....##.......##.##.##.....
#.....##.......#.....######.


You could see a gnoll.

Vanquished Creatures
  A worm (D:2)
  3 dart slugs (D:1)
  2 endoplasms (D:1)
  2 hobgoblins (D:1)
  A quokka (D:1)
  A ball python (D:1)
  3 bats (D:1)
  3 kobolds
16 creatures vanquished.

Notes
Turn   | Place    | Note
-------+----------+-------------------------------------------
     0 | D:1      | Bruhh the Ogre Earth Elementalist began the quest for the
                  | Orb.
     0 | D:1      | Reached XP level 1. HP: 16/16 MP: 3/3
   171 | D:1      | Reached XP level 2. HP: 8/24 MP: 0/5
   455 | D:1      | Reached skill level 3 in Spellcasting
  1112 | D:2      | Reached XP level 3. HP: 31/31 MP: 2/7
  1251 | D:1      | Slain by a gnoll

Illustrated notes

Levels and vault maps discovered:
D:1:      ebering_trefoil_twist, layout_basic
D:2:      layout_basic

Skill      XL: |  1  2 |
---------------+-------+-----
Spellcasting   | 3 |  3.2
Stealth        | 2 |  2.1
Dodging        | |  1.7
Transmutations | |  0.8
Earth Magic    | |  2.6

Action                   || total
-------------------------++-------
Melee: Unarmed           ||    21
 Cast: Sandblast         ||    35
Armor: Robe              ||     9
Dodge: Dodged            ||    19

Table legend: (Time is in decaauts)
 A = Elapsed time spent in this place.
 B = Non-inter-level travel time spent in this place.
 C = Inter-level travel time spent in this place.
 D = Time resting spent in this place.
 E = Time spent auto-exploring this place.
 F = Levels seen in this place.
 G = Mean time per level.
                   A        B        C        D        E       F      G
               +--------+--------+--------+--------+--------+-----+--------+
         Total |   1251 |   1208 |     43 |      0 |   1025 |   2 |  625.5 |
       Dungeon |   1251 |   1208 |     43 |      0 |   1025 |   2 |  625.5 |
               +--------+--------+--------+--------+--------+-----+--------+

Top non-repeatable levels by time:
     D:1: 1077 daAuts
     D:2: 173 daAuts
